 Dungeon Crawl Stone Soup version 0.29.1-12-g30fa7ad0bf (webtiles) character file.

Game seed: 9287258610195730826

15723 ThatPearl the Arsonist (level 11, -2/95 HPs)
             Began as a Demigod Fire Elementalist on Jan 12, 2023.
             Slain by a two-headed ogre
             ... wielding a +0 giant spiked club
              (22 damage)
             ... on level 11 of the Dungeon.
             The game lasted 01:09:39 (14633 turns).

ThatPearl the Arsonist (Demigod Fire Elementalist) Turns: 14633, Time: 01:09:39

Health: -2/95      AC: 16    Str:  9    XL:     11   Next: 72%
Magic:  15/27      EV: 10    Int: 29    God:
Gold:   756        SH:  6    Dex: 22    Spells: 6/26 levels left

rFire   . . .      SeeInvis .   J - +1 rapier (venom)
rCold   . . .      Faith    .   c - +0 buckler
rNeg    + . .      Spirit   .   q - quicksilver dragon scales of Doaps {rN+ Will+ Dex+2}
rPois   .          Reflect  .   j - +0 helmet
rElec   .          Harm     .   h - +0 cloak
rCorr   .          Rampage  .   m - +0 pair of gloves
Will    ++...                   s - +0 pair of boots
Stlth   ++........              D - amulet of regeneration
HPRegen 1.05/turn               w - +6 ring of dexterity
MPRegen 0.20/turn               e - ring of wizardry

@: no status effects
A: high MP 1, forlorn, divine attributes
a: no special abilities


You were on level 11 of the Dungeon.
You visited 1 branch of the dungeon, and saw 11 of its levels.
You also visited: Bailey.

You collected 851 gold pieces.
You spent 95 gold pieces at shops.

Inventory:

Hand Weapons
 f - a +2 war axe of freezing
 y - a +0 sling
 J - a +1 rapier of venom (weapon)
 T - a +5 dagger
Missiles
 g - 19 boomerangs
 B - 5 atropa-tipped darts
 I - 27 poisoned darts
Armour
 c - a +0 buckler (worn)
 h - a +0 cloak (worn)
 j - a +0 helmet (worn)
 m - a +0 pair of gloves (worn)
 q - the quicksilver dragon scales of Doaps (worn) {rN+ Will+ Dex+2}
   (You found it in a bailey)

   Dex:       It affects your dexterity (+2).
   rN:        It protects you from negative energy.
   Will:      It increases your willpower.
 s - a +0 pair of boots (worn)
 u - a +2 leather armour of willpower
 F - +0 steam dragon scales
 X - a +0 chain mail of willpower
Magical Staves
 Y - a staff of cold
Jewellery
 a - a ring of poison resistance
 e - a ring of wizardry (right hand)
 w - a +6 ring of dexterity (left hand)
 z - a ring of positive energy
 D - an amulet of regeneration (around neck)
 K - a ring of wizardry
 U - a ring of resist corrosion
Wands
 S - a wand of charming (8)
 V - a wand of acid (5)
Scrolls
 k - 4 scrolls of teleportation
 o - 2 scrolls of poison
 t - a scroll of noise {unknown}
 v - a scroll of blinking {unknown}
 x - 2 scrolls of fear {unknown}
 A - 3 scrolls of fog
 E - 2 scrolls of enchant armour
 L - a scroll of vulnerability {unknown}
 M - 3 scrolls of enchant weapon
 P - 2 scrolls of summoning {unknown}
 Q - 3 scrolls of magic mapping
 R - a scroll of torment {unknown}
 W - a scroll of brand weapon {unknown}
Potions
 b - a potion of magic
 d - 5 potions of might
 i - 4 potions of heal wounds {unknown}
 l - 3 potions of haste
 n - 6 potions of curing
 p - 2 potions of invisibility
 r - 3 potions of mutation
 C - a potion of resistance
 G - 2 potions of ambrosia
 H - a potion of berserk rage {unknown}
 N - a potion of flight {unknown}
 O - 2 potions of degeneration {unknown}
 Z - 3 potions of attraction {unknown}


   Skills:
 + Level 8.9 Fighting
 - Level 6.1 Armour
 - Level 1.7 Dodging
 - Level 1.7 Stealth
 - Level 6.1 Shields
 + Level 8.4 Spellcasting
 + Level 3.1 Conjurations
 + Level 1.9 Hexes
 + Level 9.4 Fire Magic


You had 6 spell levels left.
You knew the following spells:

 Your Spells              Type           Power      Damage    Failure   Level
c - Conjure Flame         Conj/Fire      48%        6-21      1%          3
f - Foxfire               Conj/Fire      100%       2x1d9     1%          1
i - Inner Flame           Hex/Fire       45%        N/A       1%          3
o - Slow                  Hex            92%        N/A       2%          1
s - Scorch                Fire           100%       2d10      1%          2
t - Teleport Other        Tloc           12%        N/A       16%         3
u - Confusing Touch       Hex            23%        N/A       8%          3
w - Flame Wave            Conj/Fire      48%        2d12      4%          4

Your spell library contained the following spells:

 Spells                   Type           Power      Damage    Failure   Level
 Tukima's Dance           Hex            23%        N/A       8%          3
 Frozen Ramparts          Ice            24%        1d4       16%         3
 Gell's Gravitas          Tloc           12%        N/A       16%         3
 Lesser Beckoning         Tloc           12%        N/A       16%         3
 Vampiric Draining        Necr           12%        2d6       16%         3
 Fulminant Prism          Conj/Hex       13%        3d9       21%         4
 Iskenderun's Mystic Bla  Conj/Tloc      21%        2d6       28%         4
 Ice Form                 Ice/Tmut       12%        N/A       45%         4
 Passage of Golubria      Tloc           12%        N/A       45%         4
 Summon Ice Beast         Ice/Summ       12%        N/A       45%         4
 Yara's Violent Unravell  Hex/Tmut       8%         3d5       69%         5
 Lee's Rapid Deconstruct  Erth           6%         3d7*      80%         5


Dungeon Overview and Level Annotations

Branches:
Dungeon (11/15)            Temple (0/1) D:4            Lair (0/5) D:11
 Bailey (visited)
    Orc: D:9-12

Shops:
D:4 *

Annotations:
D:5 1 runed translucent door, Crazy Yiuf
D:8 Erica
D:10 1 runed translucent door, sillycutie's ghost, journeyman MiBe


Innate Abilities, Weirdness & Mutations

You have an increased reservoir of magic. (+10% MP)
You shall have no god before yourself.
Your divine heritage dramatically boosts your attributes as you level up.


Message History

The two-headed ogre hits you with a +0 giant club!!
The two-headed ogre closely misses you.
Casting: Scorch (safe; 1% risk of failure)
Confirm with . or Enter, or press ? or * to list all spells.
You conjure some foxfire!
The two-headed ogre attacks as you move away!
The two-headed ogre barely misses you.
The two-headed ogre hits you with a +0 giant club!!
The foxfire hits the two-headed ogre.
The two-headed ogre is burned terribly!
The two-headed ogre is severely wounded.
The foxfire hits the two-headed ogre but does no damage.
The two-headed ogre is severely wounded.
The two-headed ogre attacks as you move away!
You block the two-headed ogre's attack.
The two-headed ogre hits you with a +0 giant club!
Casting: Foxfire (safe; 1% risk of failure)
Confirm with . or Enter, or press ? or * to list all spells.
You conjure some foxfire!
You block the two-headed ogre's attack. x2
Your foxfire dissipates!
The foxfire hits the two-headed ogre.
The two-headed ogre is severely wounded.
Casting: Foxfire (safe; 1% risk of failure)
Confirm with . or Enter, or press ? or * to list all spells.
You conjure some foxfire!
The two-headed ogre is no longer more vulnerable to fire.
The two-headed ogre closely misses you. You block the two-headed ogre's attack.
The two-headed ogre attacks as you move away!
The two-headed ogre closely misses you.
The two-headed ogre hits you with a +0 giant club!
* * * LOW HITPOINT WARNING * * *
The ogre attacks as you move away! The ogre barely misses you.
The foxfire hits the two-headed ogre!
The two-headed ogre is burned terribly!
The two-headed ogre is almost dead.
The foxfire hits the two-headed ogre.
The two-headed ogre is burned terribly!
The two-headed ogre is almost dead.
The two-headed ogre attacks as you move away!
The two-headed ogre hits you with a +0 giant spiked club!
* * * LOW HITPOINT WARNING * * *
The two-headed ogre hits you with a +0 giant club!!
You die...

..# ..# ..# ..... ..###
####### ### ###.....###
##.........## ###
#......§....# #<#
##....OO@....## #.#
#...#.O...≈...# #)#
#########...#.....≈...####)#
...O....'.#####...≈...'.##[#
...O....#...#....§§§§.#....#
.......##...#....§§.§.####[#
....... ##.......§§§.## #.#
....... ...........# #.#
....... ##.........## #.#


You could see 2 two-headed ogres and an ogre.

Vanquished Creatures
  Harold (D:10)
  A boulder beetle (D:11)
  A centaur warrior (D:11)
  5 two-headed ogres
  A manticore (D:11)
  A gargoyle (Bailey)
  An unseen horror (D:10)
  Maggie (D:10)
  A hornet (D:11)
  3 wraiths
  A wyvern (D:10)
  17 yaks
  2 vampires
  Edmund (D:5)
  An acid dragon (D:11)
  3 wargs (D:11)
  4 water moccasins
  7 orc warriors
  3 ice beasts
  2 ogres
  5 centaurs
  A phantom (D:7)
  2 kobold brigands
  3 necrophages
  4 bullfrogs
  11 wights
  12 killer bees (D:9)
  8 wolf zombies (Bailey)
  10 vampire bats
  An electric eel (D:11)
  2 howler monkeys
  2 bullfrog zombies (D:7)
  5 centaur zombies (D:7)
  9 orc priests
  An iguana (D:3)
  14 orc wizards
  2 killer bee zombies (D:7)
  3 gnolls (D:4)
  3 adders
  2 white imps
  A worm (D:2)
  3 dart slugs
  30 orcs
  5 ball pythons
  2 bat skeletons (D:6)
  4 bat zombies (D:6)
  10 endoplasms
  5 giant cockroaches
  11 goblins
  6 hobgoblins
  2 quokkas (D:5)
  3 bats
  3 frilled lizards
  18 kobolds
  25 orc zombies (Bailey)
  2 rats (D:1)
  A bush (D:10)
288 creatures vanquished.

Vanquished Creatures (collateral kills)
  2 foxfires (D:10)
2 creatures vanquished.

Vanquished Creatures (others)
  266 foxfires
  4 plants
  6 withered plants (D:7)
276 creatures vanquished.

Grand Total: 566 creatures vanquished

Notes
Turn   | Place    | Note
-------+----------+-------------------------------------------
     0 | D:1      | ThatPearl the Demigod Fire Elementalist began the quest for
                  | the Orb.
     0 | D:1      | Reached XP level 1. HP: 14/14 MP: 5/5
   178 | D:1      | Reached skill level 1 in Conjurations
   330 | D:1      | Reached XP level 2. HP: 22/22 MP: 7/7
   338 | D:1      | Learned a level 2 spell: Scorch
   958 | D:2      | Reached skill level 3 in Fire Magic
  1053 | D:2      | Reached skill level 1 in Fighting
  1293 | D:2      | Reached XP level 3. HP: 16/28 MP: 1/8
  2322 | D:3      | Learned a level 1 spell: Slow
  2490 | D:3      | Reached skill level 1 in Shields
  2624 | D:3      | Reached XP level 4. HP: 35/35 MP: 7/10
  2880 | D:4      | Found a staircase to the Ecumenical Temple.
  3088 | D:4      | Found Kupawaet's General Store.
  3088 | D:4      | Noticed a necrophage
  3109 | D:4      | Killed a necrophage
  3184 | D:4      | Bought a scroll of enchant armour for 75 gold pieces
  3184 | D:4      | Bought a scroll of identify for 20 gold pieces
  3372 | D:4      | Noticed a necrophage
  3401 | D:4      | Killed a necrophage
  3402 | D:4      | Reached XP level 5. HP: 31/41 MP: 4/12
  3911 | D:5      | Entered Level 5 of the Dungeon
  4294 | D:5      | Found a runed translucent door.
  4295 | D:5      | Noticed Crazy Yiuf
  4439 | D:5      | Noticed Edmund
  4462 | D:6      | Noticed an ice beast
  4469 | D:6      | Killed an ice beast
  4470 | D:6      | Reached skill level 4 in Fire Magic
  4470 | D:6      | Reached XP level 6. HP: 42/50 MP: 2/14
  4752 | D:6      | Noticed a water moccasin
  4756 | D:6      | Killed a water moccasin
  5017 | D:6      | Learned a level 3 spell: Teleport Other
  5022 | D:6      | Learned a level 4 spell: Flame Wave
  5140 | D:5      | Reached XP level 7. HP: 57/57 MP: 8/15
  5148 | D:5      | Killed Edmund
  6070 | D:7      | Reached skill level 5 in Fire Magic
  6117 | D:7      | Reached XP level 8. HP: 65/66 MP: 1/18
  6794 | D:7      | Reached skill level 5 in Fighting
  6795 | D:7      | Reached skill level 5 in Spellcasting
  6996 | D:7      | Identified the +1 leather armour "Jokh" {Str+5 Int-5}
  7018 | D:7      | Reached skill level 6 in Fire Magic
  7108 | D:7      | Reached skill level 5 in Shields
  7818 | D:8      | Found a flagged portal.
  7830 | Bailey   | Entered a bailey
  8013 | Bailey   | Reached XP level 9. HP: 74/74 MP: 9/20
  8136 | Bailey   | Noticed a gargoyle
  8155 | Bailey   | Killed a gargoyle
  9037 | Bailey   | Reached skill level 7 in Fire Magic
  9062 | Bailey   | Identified the quicksilver dragon scales of Doaps {rN+
                  | Will+ Dex+2}
  9527 | D:8      | Noticed Erica
  9529 | D:8      | Reached skill level 1 in Armour
  9781 | D:8      | Noticed a two-headed ogre
  9789 | D:8      | Killed a two-headed ogre
  9790 | D:8      | Reached XP level 10. HP: 79/84 MP: 13/23
 10809 | D:9      | Reached skill level 8 in Fire Magic
 11213 | D:10     | Entered Level 10 of the Dungeon
 11213 | D:10     | Noticed Maggie
 11219 | D:10     | Killed Maggie
 11393 | D:10     | Learned a level 3 spell: Inner Flame
 11397 | D:10     | Learned a level 3 spell: Conjure Flame
 11725 | D:10     | Noticed a two-headed ogre
 11820 | D:10     | Killed a two-headed ogre
 11898 | D:10     | Found a runed translucent door.
 12047 | D:10     | Noticed Harold
 12269 | D:10     | Killed Harold
 12270 | D:10     | Reached XP level 11. HP: 82/94 MP: 11/26
 12345 | D:10     | Noticed sillycutie's ghost (journeyman MiBe)
 12591 | D:11     | Noticed a two-headed ogre
 12591 | D:11     | Noticed a two-headed ogre
 12591 | D:11     | Noticed an ogre mage
 12591 | D:11     | Noticed a two-headed ogre
 12686 | D:11     | Noticed a boulder beetle
 12699 | D:11     | HP: 3/94 [boulder beetle (22)]
 12705 | D:11     | HP: 4/94 [boulder beetle (2)]
 12846 | D:10     | Learned a level 3 spell: Confusing Touch
 13019 | D:11     | Noticed a centaur warrior
 13029 | D:11     | Killed a centaur warrior
 13030 | D:11     | Reached skill level 5 in Armour
 13030 | D:11     | Reached skill level 1 in Hexes
 13173 | D:11     | Noticed a two-headed ogre
 13183 | D:11     | Killed a two-headed ogre
 13193 | D:10     | Killed a two-headed ogre
 13194 | D:10     | Reached skill level 9 in Fire Magic
 13289 | D:10     | Killed a two-headed ogre
 14013 | D:11     | Found a staircase to the Lair.
 14179 | D:11     | Killed a boulder beetle
 14490 | D:11     | Noticed a boulder beetle
 14614 | D:11     | Noticed a two-headed ogre
 14633 | D:11     | Slain by a two-headed ogre

Illustrated notes

Levels and vault maps discovered:
D:1:      minmay_arrival_open_corners, layout_rooms,
          hellmonk_ecumenical_altar_lost_god, st_stairs_14
D:2:      layout_basic, basic_altar
D:3:      layout_basic, mainiacjoe_overflow_24_doors, minmay_box_of_dots
D:4:      layout_basic, kennysheep_mini_moat, minmay_temple_entry_glass,
          kennysheep_small_square
D:5:      layout_loops_ring, tso_metal_star, fedhas_altar_fruit_tree,
          nicolae_overflow_two_pavilions, uniq_crazy_yiuf_cottage, uniq_edmund
D:6:      layout_loops_ring, kennysheep_vampire_church,
          nicolae_ru_great_annihilating_truth
D:7:      layout_basic, mainiacjoe_overflow_alcove_2, kennysheep_orc_sif_temple,
          serial_undead, serial_undead_e, serial_undead_b, serial_undead_e,
          serial_undead_d, serial_undead_d, serial_undead_f, minivault_25
D:8:      layout_rooms, enter_bailey_4, serial_curves, eino_curves_01,
          eino_curves_03, minmay_misc_feat_columns, minmay_holes, uniq_erica
D:9:      layout_loops_ring, gammafunk_ghost_ooze
D:10:     layout_cave_pools, hellmonk_ghost_big_iron, kb_lookout_dungeons_type,
          uniq_maggie, uniq_harold
D:11:     layout_basic, erik_lair_orcish_takeover, grunt_potential

Skill      XL: |  1  2  3  4  5  6  7  8  9 10 11 |
---------------+----------------------------------+-----
Conjurations   | 1 3 |  3.1
Spellcasting   | 2 3 4 5 6 7 8 |  8.4
Fire Magic     | 3 4 5 6 7 8 9 |  9.4
Fighting       | 1 2 3 4 5 6 8 |  8.9
Shields        | 1 2 3 4 5 6 |  6.1
Armour         | 2 4 6 |  6.1
Hexes          | 1 |  1.9
Dodging        | |  1.7
Stealth        | |  1.7

Action                   |  1- 3 |  4- 6 |  7- 9 | 10-12 || total
-------------------------+-------+-------+-------+-------++-------
Melee: Whip              |     2 |       |       |       ||     2
       Short sword       |    49 |    16 |       |       ||    65
       Unarmed           |     1 |       |       |       ||     1
       Rapier            |       |       |    66 |    52 ||   118
 Cast: Foxfire           |    23 |    19 |    90 |    35 ||   167
       Scorch            |    22 |    54 |   116 |   193 ||   385
       Flame Wave        |       |       |     9 |    22 ||    31
       Teleport Other    |       |       |     2 |       ||     2
       Slow              |       |       |       |     5 ||     5
Evoke: Wand              |       |       |     3 |       ||     3
  Use: Scroll            |       |     5 |     3 |     4 ||    12
       Potion            |       |       |     1 |     2 ||     3
 Stab: Sleeping          |     3 |       |     3 |       ||     6
       Invisible         |       |       |     1 |       ||     1
Armor: Robe              |    13 |       |       |       ||    13
       Leather armour    |    10 |    23 |    86 |    37 ||   156
       Quicksilver drago |       |       |       |    48 ||    48
Dodge: Dodged            |    29 |    23 |   111 |    85 ||   248
Block: Buckler           |    10 |    14 |    76 |    67 ||   167
